 Dungeon Crawl Stone Soup version 0.17-a0-1863-g715b4b0 (webtiles) character file.

23 mcbry74 the Sneak (level 3, 32/32 HPs)
             Began as a Naga Assassin on Sept 20, 2015.
             Quit the game on level 1 of the Dungeon.
             The game lasted 00:09:09 (1163 turns).

mcbry74 the Sneak (Naga Assassin)                   Turns: 1163, Time: 00:09:09

Health: 32/32      AC:  3    Str: 13    XL:     3   Next: 0%
Magic:  3/3        EV:  9    Int: 12    God:
Gold:   28         SH:  0    Dex: 12    Spells: 0 memorised, 2 levels left

rFire  . . .     SeeInvis +     a - +2 dagger
rCold  . . .     Clarity  .     c - +0 robe
rNeg   . . .     SustAt   .     (no shield)
rPois  +         Gourm    .     (no helmet)
rElec  .         Spirit   .     d - +0 cloak
rCorr  .         Warding  .     (no gloves)
rMut   .         Stasis   .     (no barding)
MR     +....                    (no amulet)
Stlth  ++++......               (no ring)
                                j - ring of protection from magic

@: very slow, somewhat resistant to hostile enchantments, stealthy
A: see invisible, deformed body, poison resistance, slowness 2, slow metabolism
1, spit poison 2, AC +1
a: Spit Poison


You were on level 1 of the Dungeon.
You were not hungry.

You visited 1 branch of the dungeon, and saw 1 of its levels.

You collected 28 gold pieces.

Inventory:

Hand weapons
 a - a +2 dagger (weapon)
 b - a +0 blowgun
Missiles
 e - 7 poisoned needles
 f - 2 curare-tipped needles
Armour
 c - a +0 robe (worn)
 d - a +0 cloak (worn)
Jewellery
 j - a ring of protection from magic (left hand)
 k - an uncursed ring of protection from magic
Potions
 i - a potion of mutation {unknown}
Comestibles
 g - a bread ration


   Skills:
 + Level 2.2 Fighting
 + Level 2.0 Short Blades
 + Level 1.8 Throwing
 + Level 1.0 Dodging
 + Level 6.7 Stealth


You had 2 spell levels left.
You didn't know any spells.

Dungeon Overview and Level Annotations

Branches:
Dungeon (1/15)

Altars:


Innate Abilities, Weirdness & Mutations

You cannot wear boots.
Your serpentine skin is tough (AC +1).
You have supernaturally acute eyesight.
Armour fits poorly on your strangely shaped body.
Your system is resistant to poisons.
You cover ground very slowly.
You have a slow metabolism.
You can spit poison.


Message History

Firing (i - inventory. (,) - cycle):
e - 7 poisoned needles (quivered)
Press: ? - help, Shift-Dir - straight line, f - goblin
Aim: a goblin (hasn't noticed you)
You shoot a poisoned needle. The goblin shouts!
The poisoned needle hits the goblin!
The goblin is poisoned.
Drink which item? (? for menu, Esc to quit)
Okay, then.
Wield which item (- for none, * to show all)? (? for menu, Esc to quit)
a - a +2 dagger (weapon)
You kill the goblin!
You have reached level 3!
Your experience leads to an increase in your attributes!
Increase (S)trength, (I)ntelligence, or (D)exterity?
You feel clever.
Your skin feels tougher.
e - 7 poisoned needles (gained 1)
There is an open door here.
Quiver which item? (- for none, * to show all) (? for menu, Esc to quit)
Okay, then.
Are you sure you want to abandon this character and quit the game? (Confirm with "yes".)

# #.#......#...#.#####.##.# .
#.###.####.#.#.# #.##.#
.#####.# #.# #.#.#.#####.##.#
.#.....# #.####............#.#
.#.#######.##...#...########.#
.#.........#....##....# #.#
#.#########....##..#.# #.#
##...#....##....##.>#.######.#
.##....#...#....@.........##.#
..#######..#....###..####.##.#
..##..(#..##....# #..........#
.....#...###....# #..)###.####
.######### #....# #...###.#
#####...####.#### #.....#.#
##.......##.# #...#.#.#
#.........#.######..##.#.####
##....<....#.................#


There were no monsters in sight!

Vanquished Creatures
  5 hobgoblins (D:1)
  3 kobolds (D:1)
  6 bats (D:1)
  2 giant newts (D:1)
  A goblin (D:1)
  2 jackals (D:1)
  3 rats (D:1)
22 creatures vanquished.

Notes
Turn   | Place    | Note
--------------------------------------------------------------
     0 | D:1      | mcbry74 the Naga Assassin began the quest for the Orb.
     0 | D:1      | Reached XP level 1. HP: 19/19 MP: 1/1
    59 | D:1      | Reached skill level 6 in Stealth
   232 | D:1      | Reached XP level 2. HP: 23/26 MP: 2/2
   740 | D:1      | Reached skill level 1 in Dodging
  1157 | D:1      | Reached XP level 3. HP: 32/32 MP: 3/3
  1163 | D:1      | Quit the game

Vault maps used:
D:1:      dpeg_arrival_three_same_balls, patterned_corridor

Action                   || total
-------------------------++-------
Melee: Dagger            ||    33
 Fire: Blowgun           ||     4
 Abil: Spit Poison       ||     6
 Stab: Sleeping          ||    11
